 Dungeon Crawl Stone Soup version 0.30.0 (webtiles) character file.

Game seed: 14026830896124166379

367 bonscott the Magician (level 7, 0/53 HPs)
             Began as a Djinni Ice Elementalist on Dec 25, 2023.
             Slain by a black bear (5 damage)
             ... on level 3 of the Dungeon.
             The game lasted 00:28:30 (3574 turns).

bonscott the Magician (Djinni Ice Elementalist)     Turns: 3574, Time: 00:28:31

Health: 0/53       AC:  3    Str:  7    XL:     7   Next: 1%
Gold:   193        EV: 12    Int: 17    God:
                   SH:  0    Dex: 13

rFire   + + .        p - +0 hand axe (elec)
rCold   . . .        (no shield)
rNeg    . . .        a - +0 robe
rPois   ∞            (no helmet)
rElec   .            (no cloak)
rCorr   .            e - +0 pair of gloves
SInv    .            (boots unavailable)
Will    .....        (no amulet)
Stlth   ++           v - ring of protection from cold
HPRegen 0.28/turn    (no ring)
MPRegen 0.00/turn

%: infuse magic (-1 HP)
@: freezing walls, flying
A: sickness immunity, fire resistance 2, cold vulnerability 1, float, innate
caster, HP casting, extra vitality 1, deterioration 1, dopey 1, teleportitis 1
a: no special abilities


You were on level 3 of the Dungeon.
You visited 1 branch of the dungeon, and saw 4 of its levels.

You collected 193 gold pieces.

Inventory:

Hand Weapons
 c - a +0 quarterstaff
 o - a +0 flail of draining
 p - a +0 hand axe of electrocution (weapon)
 z - a +2 mace of holy wrath
Missiles
 F - 12 stones
Armour
 a - a +0 robe (worn)
 b - a +0 leather armour
 e - a +0 pair of gloves (worn)
 q - a +0 ring mail
 r - an orb of wrath
Jewellery
 v - a ring of protection from cold (left hand)
Scrolls
 d - 2 scrolls of enchant weapon {unknown}
 h - 7 scrolls of identify
 i - a scroll of butterflies {unknown}
 k - 4 scrolls of fog
 l - 2 scrolls of vulnerability {unknown}
 t - a scroll of enchant armour {unknown}
 u - 2 scrolls of blinking {unknown}
 x - a scroll of fear {unknown}
 y - a scroll of torment {unknown}
 A - a scroll of poison {unknown}
Potions
 f - a potion of curing {unknown}
 g - a potion of heal wounds {unknown}
 j - a potion of invisibility {unknown}
 m - a potion of flight {unknown}
 n - a potion of attraction {unknown}
 s - a potion of lignification {unknown}


   Skills:
 + Level 4.3 Fighting
 + Level 0.9 Armour
 - Level 2.1 Dodging
 - Level 1.5 Stealth
 + Level 4.8 Spellcasting


You knew the following spells:

 Your Spells              Type           Power      Damage    Failure   Level
a - Beastly Appendage     Tmut           40%        N/A       1%          1
b - Summon Ice Beast      Ice/Summ       20%        N/A       21%         4
c - Scorch                Fire           40%        2d6       3%          2
o - Ozocubu's Armour      Ice            20%        N/A       6%          3
r - Frozen Ramparts       Ice            40%        1d7       6%          3
v - Poisonous Vapours     Pois/Air       40%        N/A       3%          2
z - Freeze                Ice            80%        1d9       1%          1
Your spell library was empty.

Dungeon Overview and Level Annotations

Branches:
Dungeon (4/15)
 Temple: D:4-7

Altars:
Trog
The Shining One

Shops:
D:2 *   D:3 :

Annotations:
D:3 Ijyb
D:4 Eustachio


Innate Abilities, Weirdness & Mutations

You are immune to sickness and miasma.
You are immune to poison.
Your flesh is very heat resistant. (rF++)
You are vulnerable to cold. (rC-)
You float through the air rather than walking.
You learn spells naturally, not from books.
Your magical power is your life essence.
You have superior vitality. (+4 MHP)
Your body sometimes deteriorates upon taking damage.
You are dopey. (Int -2)
You are occasionally teleported next to monsters.


Message History

The black bear closely misses you. x2
The black bear claws you but does no damage.
As you read the scroll of fog, it crumbles to dust.
The scroll dissolves into smoke.
The black bear barely misses you. The black bear claws you. x2
The black bear attacks as you move away!
The black bear closely misses you.
The black bear claws you but does no damage.
The black bear claws you.
The black bear attacks as you move away!
The black bear bites you but does no damage.
The black bear closely misses you. The black bear barely misses you.
There is a stone staircase leading up here.
The black bear bites you.
* * * LOW HITPOINT WARNING * * *
The black bear claws you but does no damage.
The black bear completely misses you.
You fly upwards.
Level annotation: Ijyb
There is a stone staircase leading down here.
Casting: Frozen Ramparts (dangerous; 5% risk of failure)
Confirm with . or Enter, or press ? or * to list all spells.
Casting: Frozen Ramparts (dangerous; 5% risk of failure)
Press: ? - help, Dir - look around, f - activate A stone staircase leading down.
The walls around you are covered in ice.
* * * LOW HITPOINT WARNING * * *
The wall freezes the black bear.
The black bear bites you.
* * * LOW HITPOINT WARNING * * *
The black bear claws you.
* * * LOW HITPOINT WARNING * * *
The black bear claws you.
* * * LOW HITPOINT WARNING * * *
Okay, then.
You are too injured to fight recklessly!
It was a potion of mutation.
You feel extremely strange.
You feel yourself wasting away.
You feel weirdly uncertain.
You feel stupid.
The wall freezes the black bear but does no damage.
The black bear bites you.
You die...

#.# #.# #.# #.# #.# #.# ###
##.####.#####.#
......#.......#
#####.#######.###
#.##........#
#.##.##.#.###################
#........<..@................
#.###......h..........#######
### ###.####.................
#.# #.###########.....
#.###.[# ####.# #......# ##.
###.#### ## ## #


You could see a black bear.

Vanquished Creatures
  A scorpion (D:3)
  2 orc priests (D:3)
  2 iguanas (D:4)
  A sleepcap (D:3)
  7 adders
  4 gnolls (D:3)
  A worm (D:3)
  7 orcs
  3 bats
  9 endoplasms
  2 giant cockroaches (D:2)
  5 goblins
  5 hobgoblins
  5 kobolds
  4 quokkas
  3 ball pythons
  A frilled lizard (D:2)
  8 rats
70 creatures vanquished.

Notes
Turn   | Place    | Note
-------+----------+-------------------------------------------
     0 | D:1      | bonscott the Djinni Ice Elementalist began the quest for
                  | the Orb.
     0 | D:1      | bonscott set off with the following spells memorised:
                  | Freeze, Frozen Ramparts, Ozocubu's Armour, Summon Ice
                  | Beast.
     0 | D:1      | Reached XP level 1. HP: 15/15 MP: 0/0
   346 | D:2      | Found Qesysij's General Store.
   355 | D:2      | Reached XP level 2. HP: 11/22 MP: 0/0
   357 | D:2      | Reached skill level 1 in Fighting
   669 | D:2      | Reached XP level 3. HP: 27/27 MP: 0/0
   669 | D:2      | Learned a level 1 spell: Beastly Appendage
   810 | D:2      | Found a faded altar of an unknown god.
  1108 | D:2      | You are sucked into a shaft and drop 1 floor!
  1293 | D:3      | Reached XP level 4. HP: 31/33 MP: 0/0
  1375 | D:3      | Noticed Ijyb
  1526 | D:3      | Noticed a scorpion
  1535 | D:3      | Killed a scorpion
  1536 | D:3      | Reached XP level 5. HP: 20/40 MP: 0/0
  1536 | D:3      | Learned a level 2 spell: Poisonous Vapours
  2096 | D:3      | Reached XP level 6. HP: 40/46 MP: 0/0
  2110 | D:3      | Found Miojiril's Vocational Training.
  2263 | D:3      | Found a bloodstained altar of Trog.
  2285 | D:3      | Found a glowing golden altar of the Shining One.
  3361 | D:4      | Reached XP level 7. HP: 39/53 MP: 0/0
  3361 | D:4      | Learned a level 2 spell: Scorch
  3539 | D:4      | Noticed Eustachio
  3574 | D:3      | Gained mutation: Your body sometimes deteriorates upon
                  | taking damage. [potion of mutation]
  3574 | D:3      | Gained mutation: You are occasionally teleported next to
                  | monsters. [potion of mutation]
  3574 | D:3      | Gained mutation: You are dopey. (Int -2) [potion of
                  | mutation]
  3574 | D:3      | Slain by a black bear

Illustrated notes

Levels and vault maps discovered:
D:1:      minmay_arrival_five_plusses, layout_basic
D:2:      layout_loops_cross, shapermc_ecumenical_altar_mp_highgroup,
          serial_shops, shop, chequers_serial_rivers_room_b
D:3:      layout_basic, mainiacjoe_overflow_swirl, nicolae_shop_vocational,
          uniq_ijyb
D:4:      layout_gridville, minmay_diced_spiral, uniq_grinder, uniq_eustachio

Skill      XL: |  1  2  3  4  5  6 |
---------------+-------------------+-----
Fighting       | 1 2 3 4 |  4.3
Spellcasting   | 4 |  4.8
Armour         | |  0.9
Dodging        | |  2.1
Stealth        | |  1.5

Action                     |  1- 3 |  4- 6 |  7- 9 || total
---------------------------+-------+-------+-------++-------
  Melee: Quarterstaff      |    21 |       |       ||    21
         Hand axe          |       |    51 |     4 ||    55
         Punch             |       |     1 |       ||     1
  Throw: Stone             |     7 |     7 |       ||    14
   Cast: Freeze            |    24 |    16 |       ||    40
         Ozocubu's Armour  |       |    24 |     1 ||    25
         Frozen Ramparts   |       |    28 |     3 ||    31
         Poisonous Vapours |       |     4 |       ||     4
    Use: Scroll            |       |       |     2 ||     2
         Potion            |       |       |     1 ||     1
   Stab: Sleeping          |     2 |     3 |       ||     5
 Armour: Robe              |     9 |    24 |     6 ||    39
  Dodge: Dodged            |    24 |    51 |    25 ||   100
